[ AOE2 MATCH · #464309260 ]
UnrankedDravidians vs None
Player's team · LOSS
Rival team · WIN
[ REPLAY ANALYSIS · EXTRACTED FROM THE RECORDED GAME ]
Feudal
—
Castle
—
Imperial
—
| APM avg | 17.1 |
| APM peak | 36 |
| eAPM avg | 9.6 |
| Villagers / military | 0 / 281 |
Focus
⚔️ 93.0% · 🌾 7.0%
Battle Elephant ×270 · Elephant Archer ×11
Feudal
—
Castle
—
Imperial
—
| APM avg | 44.4 |
| APM peak | 285 |
| eAPM avg | 32.1 |
| Villagers / military | 0 / 620 |
Focus
⚔️ 64.1% · 🌾 35.9%
Unknown (2550) ×795 · Petard ×620
Feudal
—
Castle
—
Imperial
—
| APM avg | 29.7 |
| APM peak | 179 |
| eAPM avg | 20.3 |
| Villagers / military | 0 / 486 |
Focus
⚔️ 90.2% · 🌾 9.8%
Cavalry Archer ×243 · Knight ×162 · Hand Cannoneer ×81
Feudal
—
Castle
—
Imperial
—
| APM avg | 33.9 |
| APM peak | 64 |
| eAPM avg | 22.4 |
| Villagers / military | 0 / 414 |
Focus
⚔️ 99.1% · 🌾 0.9%
Cavalry Archer ×316 · Hand Cannoneer ×86 · Skirmisher ×12
Feudal
—
Castle
—
Imperial
—
| APM avg | 19.9 |
| APM peak | 41 |
| eAPM avg | 10.6 |
| Villagers / military | 0 / 405 |
Focus
⚔️ 95.9% · 🌾 4.1%
Camel Scout ×262 · Scout Cavalry ×110 · Spearman ×14 · Cavalry Archer ×14 · Skirmisher ×5
Feudal
—
Castle
—
Imperial
—
| APM avg | 46.2 |
| APM peak | 106 |
| eAPM avg | 7.4 |
| Villagers / military | 0 / 0 |
Focus
⚔️ 93.8% · 🌾 6.2%
Unknown (1260) ×30
Feudal
—
Castle
—
Imperial
—
| APM avg | 56.5 |
| APM peak | 116 |
| eAPM avg | 9.9 |
| Villagers / military | 0 / 0 |
Focus
⚔️ 95.7% · 🌾 4.3%
Unknown (1260) ×25
Feudal
—
Castle
—
Imperial
—
| APM avg | 38.8 |
| APM peak | 70 |
| eAPM avg | 20.8 |
| Villagers / military | 0 / 993 |
Focus
⚔️ 96.8% · 🌾 3.2%
Steppe Lancer ×983 · Camel Scout ×10
Match map
Initial resources + every placement click. Lines = walls · curves = elevation contours. ◆ gold · ⬟ stone · ● berries · ✦ relic · ◌ wall gap
Your base· Open
Call_Me_Pro:)'s base· Open
Juanchi's base· Open
DeMeNtE_'s base· ✓ Map-separated
Rush's base· ✓ Map-separated
xxiinon's base· Open
ADCpref's base· Open
reznor_5's base· Open
Smoothed initial terrain · ◌ = detected wall gap · hover for details
Inputs per minute
— MaxOne - - Call_Me_Pro:)
Build order — MaxOne
105 actions detected in the replay
| 12:50 | Build | Stable |
| 12:52 | Build | Stable |
| 12:54 | Build | Stable |
| 12:55 | Build | Stable |
| 12:57 | Build | Stable |
| 13:00 | Build | Stable |
| 13:02 | Build | Stable |
| 13:04 | Build | Stable |
| 13:06 | Build | Stable |
| 13:08 | Build | Stable |
| 13:11 | Build | Stable |
| 13:13 | Build | Stable |
| 13:17 | Build | Stable |
| 13:18 | Build | Stable |
| 13:20 | Build | Stable |
| 13:24 | Build | Stable |
| 13:25 | Build | Stable |
| 13:28 | Build | Stable |
| 13:29 | Build | Stable |
| 13:31 | Build | Stable |
| 16:38 | Build | Stone Wall |
| 18:42 | Build | Stone Wall |
| 19:44 | Build | Stone Wall |
| 20:37 | Create | Battle Elephant ×5 |
| 20:37 | Create | Battle Elephant ×5 |
| 20:37 | Create | Battle Elephant ×5 |
| 21:11 | Research | Husbandry |
| 21:12 | Create | Battle Elephant ×5 |
| 21:13 | Create | Battle Elephant ×5 |
| 21:14 | Create | Battle Elephant ×5 |
| 21:54 | Research | Iron Casting |
| 21:54 | Research | Chain Mail Armor |
| 21:55 | Research | Chain Barding Armor |
| 21:55 | Research | Bodkin Arrow |
| 21:56 | Research | Leather Archer Armor |
| 21:59 | Research | Ballistics |
| 21:59 | Research | Guard Tower (upgrade) |
| 22:05 | Create | Battle Elephant ×5 |
| 22:05 | Create | Battle Elephant ×5 |
| 22:05 | Create | Battle Elephant ×5 |
| 22:06 | Create | Battle Elephant ×5 |
| 23:23 | Create | Battle Elephant ×5 |
| 23:23 | Create | Battle Elephant ×5 |
| 23:23 | Create | Battle Elephant ×5 |
| 23:24 | Create | Battle Elephant ×5 |
| 23:24 | Create | Battle Elephant ×5 |
| 23:24 | Create | Battle Elephant ×5 |
| 23:28 | Create | Battle Elephant ×5 |
| 23:29 | Create | Battle Elephant ×5 |
| 24:24 | Create | Battle Elephant ×5 |
| 24:24 | Create | Battle Elephant ×5 |
| 24:24 | Create | Battle Elephant ×5 |
| 26:15 | Create | Battle Elephant ×5 |
| 26:16 | Create | Battle Elephant ×5 |
| 26:16 | Create | Battle Elephant ×5 |
| 26:16 | Create | Battle Elephant ×5 |
| 26:17 | Create | Battle Elephant ×5 |
| 26:17 | Create | Battle Elephant ×5 |
| 26:32 | Create | Battle Elephant ×5 |
| 26:32 | Create | Battle Elephant ×5 |
| 26:33 | Create | Battle Elephant ×5 |
| 26:33 | Create | Battle Elephant ×5 |
| 26:33 | Create | Battle Elephant ×5 |
| 27:20 | Create | Battle Elephant ×5 |
| 27:20 | Create | Battle Elephant ×5 |
| 27:20 | Create | Battle Elephant ×5 |
| 27:58 | Create | Battle Elephant ×5 |
| 27:59 | Create | Battle Elephant ×5 |
| 27:59 | Create | Battle Elephant ×5 |
| 27:59 | Create | Battle Elephant ×5 |
| 29:32 | Create | Battle Elephant ×5 |
| 29:32 | Create | Battle Elephant ×5 |
| 29:33 | Create | Battle Elephant ×5 |
| 29:33 | Create | Battle Elephant ×5 |
| 29:33 | Create | Battle Elephant ×5 |
| 29:34 | Create | Battle Elephant ×5 |
| 29:34 | Create | Battle Elephant ×5 |
| 29:34 | Create | Battle Elephant ×5 |
| 29:50 | Build | Archery Range |
| 29:51 | Build | Archery Range |
| 29:53 | Build | Archery Range |
| 29:54 | Build | Archery Range |
| 30:00 | Research | Medical Corps |
| 30:10 | Research | Blast Furnace |
| 30:11 | Research | Plate Mail Armor |
| 30:11 | Research | Bracer |
| 30:12 | Research | Ring Archer Armor |
| 30:13 | Research | Spies/Treason |
| 30:14 | Research | Conscription |
| 30:16 | Research | Wootz Steel |
| 30:19 | Research | Elite Urumi Swordsman (upgrade) |
| 30:42 | Research | Thumb Ring |
| 30:43 | Research | Elite Elephant Archer (upgrade) |
| 30:45 | Research | Crossbowman (upgrade) |
| 30:45 | Research | Elite Skirmisher (upgrade) |
| 30:53 | Create | Elephant Archer ×5 |
| 30:53 | Create | Elephant Archer ×5 |
| 30:53 | Create | Elephant Archer |
| 32:35 | Create | Battle Elephant ×5 |
| 32:35 | Create | Battle Elephant ×5 |
| 32:35 | Create | Battle Elephant ×5 |
| 32:36 | Create | Battle Elephant ×5 |
| 32:36 | Create | Battle Elephant ×5 |
| 32:36 | Create | Battle Elephant ×5 |
| 32:40 | Create | Battle Elephant ×5 |
Build order — Call_Me_Pro:)
First 150 of 696 actions detected
| 8:12 | Build | Barracks |
| 8:15 | Build | Barracks |
| 8:16 | Build | Barracks |
| 8:18 | Build | Barracks |
| 8:20 | Build | Barracks |
| 8:22 | Build | Barracks |
| 8:23 | Build | Barracks |
| 8:25 | Build | Barracks |
| 8:27 | Build | Barracks |
| 8:29 | Build | Barracks |
| 8:31 | Build | Barracks |
| 8:34 | Build | Barracks |
| 8:41 | Build | Archery Range |
| 8:43 | Build | Archery Range |
| 8:45 | Build | Archery Range |
| 8:48 | Build | Archery Range |
| 8:49 | Build | Archery Range |
| 8:54 | Build | Archery Range |
| 8:56 | Build | Archery Range |
| 15:47 | Research | Arson |
| 15:48 | Research | Pikeman (upgrade) |
| 15:49 | Research | Tech 1402 |
| 15:53 | Research | Chain Mail Armor |
| 15:54 | Research | Leather Archer Armor |
| 15:55 | Research | Iron Casting |
| 15:56 | Research | Bodkin Arrow |
| 15:59 | Research | Ballistics |
| 16:01 | Research | Treadmill Crane |
| 16:02 | Research | Guard Tower (upgrade) |
| 16:03 | Research | Tech 908 |
| 16:04 | Research | Careening |
| 16:06 | Research | Andean Sling |
| 17:21 | Research | Tech 1351 |
| 17:25 | Create | Unit 2550 ×5 |
| 17:25 | Create | Unit 2550 ×5 |
| 17:25 | Create | Unit 2550 ×5 |
| 17:25 | Create | Unit 2550 ×5 |
| 17:25 | Create | Unit 2550 ×5 |
| 17:25 | Create | Unit 2550 ×5 |
| 17:25 | Create | Unit 2550 ×5 |
| 17:25 | Create | Unit 2550 ×5 |
| 17:25 | Create | Unit 2550 ×5 |
| 17:25 | Create | Unit 2550 ×5 |
| 17:25 | Create | Unit 2550 ×5 |
| 17:25 | Create | Unit 2550 ×5 |
| 17:25 | Create | Unit 2550 ×5 |
| 17:25 | Create | Unit 2550 ×5 |
| 17:25 | Create | Unit 2550 ×5 |
| 17:25 | Create | Unit 2550 ×5 |
| 17:25 | Create | Unit 2550 ×5 |
| 17:25 | Create | Unit 2550 ×5 |
| 17:25 | Create | Unit 2550 ×5 |
| 17:25 | Create | Unit 2550 ×5 |
| 17:25 | Create | Unit 2550 ×5 |
| 17:25 | Create | Unit 2550 ×5 |
| 17:25 | Create | Unit 2550 ×5 |
| 17:25 | Create | Unit 2550 ×5 |
| 17:25 | Create | Unit 2550 ×5 |
| 17:25 | Create | Unit 2550 ×5 |
| 17:25 | Create | Unit 2550 ×5 |
| 17:25 | Create | Unit 2550 ×5 |
| 17:25 | Create | Unit 2550 ×5 |
| 17:25 | Create | Unit 2550 ×5 |
| 17:25 | Create | Unit 2550 ×5 |
| 17:25 | Create | Unit 2550 ×5 |
| 17:25 | Create | Unit 2550 ×5 |
| 17:25 | Create | Unit 2550 ×5 |
| 17:40 | Research | Thumb Ring |
| 17:41 | Research | Crossbowman (upgrade) |
| 17:41 | Research | Elite Skirmisher (upgrade) |
| 17:43 | Create | Petard ×5 |
| 17:43 | Create | Petard ×5 |
| 17:43 | Create | Petard ×5 |
| 17:43 | Create | Petard ×5 |
| 17:43 | Create | Petard ×5 |
| 17:43 | Create | Petard ×5 |
| 17:43 | Create | Petard ×5 |
| 17:43 | Create | Petard ×5 |
| 17:43 | Create | Petard ×5 |
| 17:43 | Create | Petard ×5 |
| 17:43 | Create | Petard ×5 |
| 17:43 | Create | Petard ×5 |
| 17:43 | Create | Petard ×5 |
| 17:43 | Create | Petard ×5 |
| 17:43 | Create | Petard ×5 |
| 17:43 | Create | Petard ×5 |
| 17:43 | Create | Petard ×5 |
| 17:43 | Create | Petard ×5 |
| 17:43 | Create | Petard ×5 |
| 17:43 | Create | Petard ×5 |
| 17:43 | Create | Petard ×5 |
| 17:43 | Create | Petard ×5 |
| 17:43 | Create | Petard ×5 |
| 17:43 | Create | Petard ×5 |
| 17:43 | Create | Petard ×5 |
| 17:43 | Create | Petard ×5 |
| 17:43 | Create | Petard ×5 |
| 17:43 | Create | Petard ×5 |
| 17:43 | Create | Petard ×5 |
| 17:43 | Create | Petard ×5 |
| 17:43 | Create | Petard ×5 |
| 17:43 | Create | Petard ×5 |
| 17:43 | Create | Petard ×5 |
| 17:43 | Create | Petard ×5 |
| 21:25 | Create | Unit 2550 ×5 |
| 21:25 | Create | Unit 2550 ×5 |
| 21:25 | Create | Unit 2550 ×5 |
| 21:25 | Create | Unit 2550 ×5 |
| 21:25 | Create | Unit 2550 ×5 |
| 21:25 | Create | Unit 2550 ×5 |
| 21:25 | Create | Unit 2550 ×5 |
| 21:25 | Create | Unit 2550 ×5 |
| 21:25 | Create | Unit 2550 ×5 |
| 21:25 | Create | Unit 2550 ×5 |
| 21:25 | Create | Unit 2550 ×5 |
| 21:25 | Create | Unit 2550 ×5 |
| 21:25 | Create | Unit 2550 ×5 |
| 21:25 | Create | Unit 2550 ×5 |
| 21:25 | Create | Unit 2550 ×5 |
| 21:25 | Create | Unit 2550 ×5 |
| 21:25 | Create | Unit 2550 ×5 |
| 21:25 | Create | Unit 2550 ×5 |
| 21:25 | Create | Unit 2550 ×5 |
| 21:25 | Create | Unit 2550 ×5 |
| 21:25 | Create | Unit 2550 ×5 |
| 21:25 | Create | Unit 2550 ×5 |
| 21:25 | Create | Unit 2550 ×5 |
| 21:25 | Create | Unit 2550 ×5 |
| 21:25 | Create | Unit 2550 ×5 |
| 21:25 | Create | Unit 2550 ×5 |
| 21:25 | Create | Unit 2550 ×5 |
| 21:25 | Create | Unit 2550 ×5 |
| 21:25 | Create | Unit 2550 ×5 |
| 21:25 | Create | Unit 2550 ×5 |
| 21:26 | Create | Unit 2550 ×5 |
| 21:26 | Create | Unit 2550 ×5 |
| 21:26 | Create | Unit 2550 ×5 |
| 21:26 | Create | Unit 2550 ×5 |
| 21:26 | Create | Unit 2550 ×5 |
| 21:26 | Create | Unit 2550 ×5 |
| 21:26 | Create | Unit 2550 ×5 |
| 21:26 | Create | Unit 2550 ×5 |
| 21:26 | Create | Unit 2550 ×5 |
| 21:26 | Create | Unit 2550 ×5 |
| 21:26 | Create | Unit 2550 ×5 |
| 21:26 | Create | Unit 2550 ×5 |
| 21:26 | Create | Unit 2550 ×5 |
| 21:26 | Create | Unit 2550 ×5 |
| 21:26 | Create | Unit 2550 ×5 |
| 21:26 | Create | Unit 2550 ×5 |
Build order — Juanchi
First 150 of 546 actions detected
| 13:02 | Research | Chain Barding Armor |
| 13:02 | Research | Iron Casting |
| 13:03 | Research | Bodkin Arrow |
| 13:06 | Research | Treadmill Crane |
| 13:06 | Research | Ballistics |
| 13:49 | Research | Eupseong |
| 14:13 | Research | Chain Mail Armor |
| 14:34 | Build | Stable |
| 14:36 | Build | Stable |
| 14:37 | Build | Stable |
| 14:39 | Build | Stable |
| 14:43 | Build | Stable |
| 14:45 | Build | Archery Range |
| 14:46 | Build | Archery Range |
| 14:48 | Build | Archery Range |
| 14:49 | Build | Archery Range |
| 14:51 | Build | Archery Range |
| 14:53 | Build | Archery Range |
| 14:55 | Build | Archery Range |
| 15:00 | Build | Archery Range |
| 15:01 | Build | Archery Range |
| 17:17 | Research | Light Cavalry (upgrade) |
| 19:36 | Research | Thumb Ring |
| 19:37 | Create | Cavalry Archer |
| 19:37 | Create | Cavalry Archer |
| 19:38 | Create | Cavalry Archer |
| 19:38 | Create | Cavalry Archer |
| 19:38 | Create | Cavalry Archer |
| 19:38 | Create | Cavalry Archer |
| 19:39 | Create | Cavalry Archer |
| 19:39 | Create | Cavalry Archer |
| 19:39 | Create | Cavalry Archer |
| 19:40 | Create | Cavalry Archer |
| 19:40 | Create | Cavalry Archer |
| 19:40 | Create | Cavalry Archer |
| 19:41 | Create | Cavalry Archer |
| 19:41 | Create | Cavalry Archer |
| 19:41 | Create | Cavalry Archer |
| 19:42 | Create | Cavalry Archer |
| 19:42 | Create | Cavalry Archer |
| 19:48 | Create | Knight |
| 19:48 | Create | Knight |
| 19:48 | Create | Knight |
| 19:49 | Create | Knight |
| 19:49 | Create | Knight |
| 19:49 | Create | Knight |
| 19:50 | Create | Knight |
| 19:50 | Create | Knight |
| 19:50 | Create | Knight |
| 19:50 | Create | Knight |
| 19:51 | Create | Knight |
| 19:51 | Create | Knight |
| 19:51 | Create | Knight |
| 19:52 | Create | Knight |
| 19:52 | Create | Knight |
| 19:52 | Create | Knight |
| 19:53 | Create | Knight |
| 19:53 | Create | Knight |
| 19:53 | Create | Knight |
| 19:54 | Create | Knight |
| 19:54 | Create | Knight |
| 19:55 | Create | Knight |
| 19:55 | Create | Knight |
| 19:55 | Create | Knight |
| 19:56 | Create | Knight |
| 19:56 | Create | Knight |
| 19:56 | Create | Knight |
| 19:57 | Create | Knight |
| 19:57 | Create | Knight |
| 19:57 | Create | Knight |
| 19:58 | Create | Knight |
| 19:58 | Create | Knight |
| 19:58 | Create | Knight |
| 19:59 | Create | Knight |
| 20:22 | Create | Cavalry Archer |
| 20:22 | Create | Cavalry Archer |
| 20:23 | Create | Cavalry Archer |
| 20:23 | Create | Cavalry Archer |
| 20:23 | Create | Cavalry Archer |
| 20:24 | Create | Cavalry Archer |
| 20:24 | Create | Cavalry Archer |
| 20:24 | Create | Cavalry Archer |
| 20:25 | Create | Cavalry Archer |
| 20:25 | Create | Cavalry Archer |
| 20:25 | Create | Cavalry Archer |
| 20:26 | Create | Cavalry Archer |
| 20:26 | Create | Cavalry Archer |
| 20:26 | Create | Cavalry Archer |
| 20:27 | Create | Cavalry Archer |
| 20:27 | Create | Cavalry Archer |
| 20:28 | Create | Cavalry Archer |
| 20:28 | Create | Cavalry Archer |
| 20:28 | Create | Cavalry Archer |
| 20:28 | Create | Cavalry Archer |
| 20:29 | Create | Cavalry Archer |
| 20:29 | Create | Cavalry Archer |
| 20:30 | Create | Cavalry Archer |
| 20:30 | Create | Cavalry Archer |
| 20:30 | Create | Cavalry Archer |
| 20:31 | Create | Cavalry Archer |
| 20:31 | Create | Cavalry Archer |
| 20:31 | Create | Cavalry Archer |
| 20:32 | Create | Cavalry Archer |
| 20:32 | Create | Cavalry Archer |
| 20:32 | Create | Cavalry Archer |
| 21:01 | Research | Heavy Cavalry Archer (upgrade) |
| 21:05 | Research | Shinkichon |
| 21:06 | Research | Spies/Treason |
| 21:06 | Research | Conscription |
| 21:07 | Research | Elite War Wagon (upgrade) |
| 21:11 | Research | Bracer |
| 21:11 | Research | Plate Mail Armor |
| 21:17 | Research | Siege Engineers |
| 21:18 | Research | Chemistry |
| 21:23 | Create | Cavalry Archer |
| 21:23 | Create | Cavalry Archer |
| 21:23 | Create | Cavalry Archer |
| 21:24 | Create | Cavalry Archer |
| 21:24 | Create | Cavalry Archer |
| 21:25 | Create | Cavalry Archer |
| 21:25 | Create | Cavalry Archer |
| 21:25 | Create | Cavalry Archer |
| 21:26 | Create | Cavalry Archer |
| 21:26 | Create | Cavalry Archer |
| 21:27 | Create | Cavalry Archer |
| 21:27 | Create | Cavalry Archer |
| 21:27 | Create | Cavalry Archer |
| 21:27 | Create | Cavalry Archer |
| 21:28 | Create | Cavalry Archer |
| 21:28 | Create | Cavalry Archer |
| 21:28 | Create | Cavalry Archer |
| 21:29 | Create | Cavalry Archer |
| 21:29 | Create | Cavalry Archer |
| 21:29 | Create | Cavalry Archer |
| 21:30 | Create | Cavalry Archer |
| 21:30 | Create | Cavalry Archer |
| 21:30 | Create | Cavalry Archer |
| 21:31 | Create | Cavalry Archer |
| 21:31 | Create | Cavalry Archer |
| 21:32 | Create | Cavalry Archer |
| 21:32 | Create | Cavalry Archer |
| 21:32 | Create | Cavalry Archer |
| 21:34 | Create | Cavalry Archer |
| 21:34 | Create | Cavalry Archer |
| 21:35 | Create | Cavalry Archer |
| 21:35 | Create | Cavalry Archer |
| 21:35 | Create | Cavalry Archer |
| 21:36 | Create | Cavalry Archer |
| 21:36 | Create | Cavalry Archer |
| 21:37 | Create | Cavalry Archer |
Build order — DeMeNtE_
First 150 of 464 actions detected
| 11:51 | Build | Stone Wall |
| 12:04 | Build | Archery Range |
| 12:54 | Build | Archery Range |
| 12:55 | Build | Archery Range |
| 12:57 | Build | Archery Range |
| 16:04 | Build | Archery Range |
| 16:06 | Build | Archery Range |
| 16:08 | Build | Archery Range |
| 16:15 | Build | Archery Range |
| 16:17 | Build | Archery Range |
| 16:19 | Build | Archery Range |
| 16:22 | Build | Archery Range |
| 16:24 | Build | Archery Range |
| 16:26 | Build | Archery Range |
| 19:00 | Research | Crossbowman (upgrade) |
| 19:01 | Research | Leather Archer Armor |
| 19:02 | Research | Bodkin Arrow |
| 19:02 | Research | Chain Mail Armor |
| 19:03 | Research | Chain Barding Armor |
| 19:04 | Research | Iron Casting |
| 19:05 | Research | Ballistics |
| 19:13 | Research | Thumb Ring |
| 19:17 | Create | Cavalry Archer |
| 19:17 | Create | Cavalry Archer |
| 19:18 | Create | Cavalry Archer |
| 19:18 | Create | Cavalry Archer |
| 19:18 | Create | Cavalry Archer |
| 19:19 | Create | Cavalry Archer |
| 19:19 | Create | Cavalry Archer |
| 19:19 | Create | Cavalry Archer |
| 19:19 | Create | Cavalry Archer |
| 19:20 | Create | Cavalry Archer |
| 19:20 | Create | Cavalry Archer |
| 19:20 | Create | Cavalry Archer |
| 19:20 | Create | Cavalry Archer |
| 19:34 | Research | Yasama |
| 19:36 | Create | Cavalry Archer |
| 19:37 | Create | Cavalry Archer |
| 19:37 | Create | Cavalry Archer |
| 19:37 | Create | Cavalry Archer |
| 19:37 | Create | Cavalry Archer |
| 19:38 | Create | Cavalry Archer |
| 19:38 | Create | Cavalry Archer |
| 19:46 | Create | Cavalry Archer |
| 19:46 | Create | Cavalry Archer |
| 19:46 | Create | Cavalry Archer |
| 19:47 | Create | Cavalry Archer |
| 19:47 | Create | Cavalry Archer |
| 19:55 | Build | Stable |
| 19:58 | Create | Cavalry Archer |
| 19:58 | Create | Cavalry Archer |
| 19:58 | Create | Cavalry Archer |
| 19:58 | Create | Cavalry Archer |
| 19:59 | Create | Cavalry Archer |
| 19:59 | Create | Cavalry Archer |
| 19:59 | Create | Cavalry Archer |
| 19:59 | Create | Cavalry Archer |
| 20:00 | Create | Cavalry Archer |
| 20:00 | Create | Cavalry Archer |
| 20:00 | Create | Cavalry Archer |
| 20:00 | Create | Cavalry Archer |
| 20:01 | Create | Cavalry Archer |
| 20:01 | Create | Cavalry Archer |
| 20:01 | Create | Cavalry Archer |
| 20:02 | Create | Cavalry Archer |
| 20:02 | Create | Cavalry Archer |
| 20:20 | Create | Cavalry Archer |
| 20:21 | Create | Cavalry Archer |
| 20:21 | Create | Cavalry Archer |
| 20:21 | Create | Cavalry Archer |
| 20:21 | Create | Cavalry Archer |
| 20:22 | Create | Cavalry Archer |
| 20:22 | Create | Cavalry Archer |
| 20:22 | Create | Cavalry Archer |
| 20:23 | Create | Cavalry Archer |
| 20:23 | Create | Cavalry Archer |
| 20:23 | Create | Cavalry Archer |
| 20:23 | Create | Cavalry Archer |
| 20:24 | Create | Cavalry Archer |
| 20:24 | Create | Cavalry Archer |
| 20:24 | Create | Cavalry Archer |
| 20:25 | Create | Cavalry Archer |
| 20:25 | Create | Cavalry Archer |
| 20:25 | Create | Cavalry Archer |
| 20:25 | Create | Cavalry Archer |
| 20:26 | Create | Cavalry Archer |
| 20:26 | Create | Cavalry Archer |
| 20:33 | Create | Cavalry Archer |
| 20:33 | Create | Cavalry Archer |
| 20:33 | Create | Cavalry Archer |
| 20:33 | Create | Cavalry Archer |
| 20:34 | Create | Cavalry Archer |
| 20:34 | Create | Cavalry Archer |
| 20:34 | Create | Cavalry Archer |
| 20:35 | Create | Cavalry Archer |
| 20:49 | Create | Cavalry Archer |
| 20:50 | Create | Cavalry Archer |
| 20:50 | Create | Cavalry Archer |
| 20:50 | Create | Cavalry Archer |
| 20:51 | Create | Cavalry Archer |
| 20:51 | Create | Cavalry Archer |
| 20:51 | Create | Cavalry Archer |
| 20:51 | Create | Cavalry Archer |
| 20:52 | Create | Cavalry Archer |
| 20:52 | Create | Cavalry Archer |
| 20:57 | Research | Bloodlines |
| 20:58 | Research | Husbandry |
| 21:01 | Create | Cavalry Archer |
| 21:01 | Create | Cavalry Archer |
| 21:02 | Create | Cavalry Archer |
| 21:02 | Create | Cavalry Archer |
| 21:02 | Create | Cavalry Archer |
| 21:03 | Create | Cavalry Archer |
| 21:03 | Create | Cavalry Archer |
| 21:08 | Create | Cavalry Archer |
| 21:09 | Create | Cavalry Archer |
| 21:09 | Create | Cavalry Archer |
| 21:09 | Create | Cavalry Archer |
| 21:10 | Create | Cavalry Archer |
| 21:10 | Create | Cavalry Archer |
| 21:10 | Create | Cavalry Archer |
| 21:10 | Create | Cavalry Archer |
| 21:11 | Create | Cavalry Archer |
| 21:11 | Create | Cavalry Archer |
| 21:11 | Create | Cavalry Archer |
| 21:12 | Create | Cavalry Archer |
| 21:12 | Create | Cavalry Archer |
| 21:12 | Create | Cavalry Archer |
| 21:12 | Create | Cavalry Archer |
| 21:13 | Create | Cavalry Archer |
| 21:13 | Create | Cavalry Archer |
| 21:13 | Create | Cavalry Archer |
| 21:48 | Create | Cavalry Archer |
| 21:48 | Create | Cavalry Archer |
| 21:49 | Create | Cavalry Archer |
| 21:49 | Create | Cavalry Archer |
| 22:08 | Create | Cavalry Archer |
| 22:08 | Create | Cavalry Archer |
| 22:09 | Create | Cavalry Archer |
| 22:09 | Create | Cavalry Archer |
| 22:09 | Create | Cavalry Archer |
| 22:10 | Create | Cavalry Archer |
| 22:10 | Create | Cavalry Archer |
| 22:10 | Create | Cavalry Archer |
| 22:10 | Create | Cavalry Archer |
| 22:11 | Create | Cavalry Archer |
| 22:11 | Create | Cavalry Archer |
| 22:44 | Create | Cavalry Archer |
| 22:44 | Create | Cavalry Archer |
| 22:44 | Create | Cavalry Archer |
Build order — Rush
115 actions detected in the replay
| 8:34 | Build | Barracks |
| 8:37 | Build | Archery Range |
| 11:39 | Build | Stone Wall |
| 13:49 | Build | Stable |
| 13:50 | Build | Stable |
| 13:54 | Build | Stable |
| 13:56 | Build | Stable |
| 13:57 | Build | Stable |
| 13:58 | Build | Stable |
| 14:01 | Build | Stable |
| 14:03 | Build | Stable |
| 14:05 | Build | Stable |
| 14:16 | Build | Stable |
| 14:17 | Build | Stable |
| 16:13 | Research | Bloodlines |
| 24:39 | Create | Scout Cavalry ×5 |
| 24:39 | Create | Scout Cavalry ×5 |
| 24:39 | Create | Scout Cavalry ×5 |
| 24:40 | Create | Scout Cavalry ×5 |
| 24:40 | Create | Scout Cavalry ×5 |
| 24:40 | Create | Scout Cavalry ×5 |
| 24:41 | Create | Scout Cavalry ×5 |
| 24:41 | Create | Scout Cavalry ×5 |
| 24:41 | Create | Scout Cavalry ×5 |
| 24:42 | Create | Scout Cavalry ×5 |
| 24:42 | Create | Scout Cavalry ×5 |
| 24:42 | Create | Scout Cavalry ×5 |
| 24:42 | Create | Scout Cavalry ×5 |
| 24:43 | Create | Scout Cavalry ×5 |
| 24:43 | Create | Scout Cavalry ×5 |
| 24:43 | Create | Scout Cavalry ×5 |
| 24:44 | Create | Scout Cavalry ×5 |
| 24:44 | Create | Scout Cavalry ×5 |
| 24:44 | Create | Scout Cavalry ×5 |
| 24:45 | Create | Scout Cavalry ×5 |
| 24:45 | Create | Scout Cavalry ×5 |
| 26:41 | Create | Scout Cavalry ×5 |
| 29:20 | Research | Husbandry |
| 29:23 | Create | Camel Scout ×5 |
| 29:24 | Create | Camel Scout ×5 |
| 29:24 | Create | Camel Scout ×5 |
| 29:24 | Create | Camel Scout ×5 |
| 29:24 | Create | Camel Scout ×5 |
| 29:25 | Create | Camel Scout ×5 |
| 29:25 | Create | Camel Scout ×5 |
| 29:25 | Create | Camel Scout ×5 |
| 29:26 | Create | Camel Scout ×5 |
| 29:26 | Create | Camel Scout ×5 |
| 29:26 | Create | Camel Scout ×5 |
| 29:27 | Create | Camel Scout ×5 |
| 29:27 | Create | Camel Scout ×5 |
| 29:27 | Create | Camel Scout ×5 |
| 29:28 | Create | Camel Scout ×5 |
| 29:28 | Create | Camel Scout ×5 |
| 29:28 | Create | Camel Scout ×5 |
| 29:29 | Create | Camel Scout ×5 |
| 29:32 | Create | Camel Scout ×5 |
| 29:32 | Create | Camel Scout ×5 |
| 29:33 | Create | Camel Scout ×5 |
| 29:33 | Create | Camel Scout ×5 |
| 29:33 | Create | Camel Scout ×5 |
| 29:33 | Create | Camel Scout ×5 |
| 29:34 | Create | Camel Scout ×5 |
| 29:34 | Create | Camel Scout ×5 |
| 29:36 | Research | Tigui |
| 29:41 | Research | Chain Barding Armor |
| 29:42 | Research | Bodkin Arrow |
| 29:43 | Research | Leather Archer Armor |
| 29:44 | Research | Chain Mail Armor |
| 29:46 | Research | Guard Tower (upgrade) |
| 29:47 | Research | Treadmill Crane |
| 29:47 | Research | Ballistics |
| 29:48 | Research | Tech 908 |
| 29:48 | Research | Careening |
| 30:36 | Research | Thumb Ring |
| 30:36 | Research | Crossbowman (upgrade) |
| 30:37 | Research | Elite Skirmisher (upgrade) |
| 30:40 | Research | Arson |
| 30:40 | Research | Squires |
| 30:41 | Research | Pikeman (upgrade) |
| 30:41 | Research | Long Swordsman (upgrade) |
| 30:44 | Create | Camel Scout ×5 |
| 30:45 | Create | Camel Scout ×5 |
| 30:45 | Create | Camel Scout ×5 |
| 30:45 | Create | Camel Scout ×5 |
| 30:46 | Create | Camel Scout ×5 |
| 30:46 | Create | Camel Scout ×5 |
| 30:46 | Create | Camel Scout ×5 |
| 30:46 | Create | Camel Scout ×5 |
| 31:26 | Create | Camel Scout ×5 |
| 31:27 | Create | Camel Scout ×5 |
| 31:27 | Create | Camel Scout ×5 |
| 31:27 | Create | Camel Scout ×5 |
| 32:23 | Create | Skirmisher ×5 |
| 32:23 | Create | Cavalry Archer ×5 |
| 32:24 | Create | Cavalry Archer ×4 |
| 32:28 | Create | Cavalry Archer ×5 |
| 32:36 | Create | Spearman ×5 |
| 32:36 | Create | Spearman ×5 |
| 32:37 | Create | Spearman ×4 |
| 33:00 | Create | Camel Scout ×5 |
| 33:00 | Create | Camel Scout ×5 |
| 33:00 | Create | Camel Scout ×5 |
| 33:01 | Create | Camel Scout ×5 |
| 33:01 | Create | Camel Scout ×5 |
| 33:01 | Create | Camel Scout ×5 |
| 33:01 | Create | Camel Scout ×5 |
| 33:02 | Create | Camel Scout ×5 |
| 33:02 | Create | Camel Scout ×5 |
| 33:02 | Create | Camel Scout ×5 |
| 33:02 | Create | Camel Scout ×5 |
| 33:03 | Create | Camel Scout ×5 |
| 33:03 | Create | Camel Scout ×5 |
| 33:03 | Create | Camel Scout ×5 |
| 33:04 | Create | Camel Scout ×2 |
Build order — xxiinon
33 actions detected in the replay
| 11:56 | Research | Stronghold |
| 12:02 | Research | Chain Mail Armor |
| 12:03 | Research | Iron Casting |
| 12:03 | Research | Bodkin Arrow |
| 12:04 | Research | Leather Archer Armor |
| 12:04 | Research | Chain Barding Armor |
| 12:08 | Research | Ballistics |
| 12:09 | Research | Treadmill Crane |
| 12:09 | Research | Guard Tower (upgrade) |
| 12:11 | Research | Tech 908 |
| 12:11 | Research | Careening |
| 27:14 | Create | Unit 1260 ×5 |
| 27:14 | Create | Unit 1260 ×5 |
| 27:14 | Create | Unit 1260 ×5 |
| 27:15 | Create | Unit 1260 ×5 |
| 27:15 | Create | Unit 1260 ×5 |
| 27:15 | Create | Unit 1260 ×5 |
| 29:49 | Research | Spies/Treason |
| 29:51 | Research | Conscription |
| 29:52 | Research | Furor Celtica |
| 29:53 | Research | Furor Celtica |
| 29:54 | Research | Elite Woad Raider (upgrade) |
| 29:55 | Research | Elite Woad Raider (upgrade) |
| 30:03 | Research | Arrowslits |
| 30:04 | Research | Keep (upgrade) |
| 30:04 | Research | Chemistry |
| 30:05 | Research | Siege Engineers |
| 30:06 | Research | Dry Dock |
| 30:07 | Research | Tech 907 |
| 30:09 | Research | Shipwright |
| 30:12 | Research | Ring Archer Armor |
| 30:12 | Research | Blast Furnace |
| 30:13 | Research | Plate Mail Armor |
Build order — ADCpref
35 actions detected in the replay
| 12:51 | Research | Bodkin Arrow |
| 12:52 | Research | Leather Archer Armor |
| 12:52 | Research | Leather Archer Armor |
| 12:54 | Research | Ballistics |
| 12:55 | Research | Guard Tower (upgrade) |
| 12:56 | Research | Tech 908 |
| 12:56 | Research | Careening |
| 12:57 | Research | Tech 909 |
| 12:58 | Research | Tech 909 |
| 13:00 | Research | Iron Casting |
| 13:01 | Research | Chain Barding Armor |
| 13:01 | Research | Chain Barding Armor |
| 13:01 | Research | Chain Barding Armor |
| 13:02 | Research | Chain Mail Armor |
| 19:05 | Research | Nomads |
| 24:03 | Research | Spies/Treason |
| 24:04 | Research | Conscription |
| 24:05 | Research | Drill |
| 24:06 | Research | Elite Mangudai (upgrade) |
| 24:10 | Research | Blast Furnace |
| 24:11 | Research | Blast Furnace |
| 24:12 | Research | Bracer |
| 24:14 | Research | Plate Mail Armor |
| 24:16 | Research | Chemistry |
| 24:17 | Research | Siege Engineers |
| 24:18 | Research | Tech 907 |
| 24:18 | Research | Shipwright |
| 24:18 | Research | Shipwright |
| 24:21 | Research | Blast Furnace |
| 28:26 | Research | Sappers |
| 28:31 | Create | Unit 1260 ×5 |
| 28:31 | Create | Unit 1260 ×5 |
| 28:31 | Create | Unit 1260 ×5 |
| 28:31 | Create | Unit 1260 ×5 |
| 28:32 | Create | Unit 1260 ×5 |
Build order — reznor_5
First 150 of 256 actions detected
| 11:51 | Build | Stable |
| 11:51 | Build | Stable |
| 11:53 | Build | Stable |
| 11:54 | Build | Stable |
| 11:55 | Build | Stable |
| 11:57 | Build | Stable |
| 16:00 | Build | Stable |
| 16:01 | Build | Stable |
| 16:25 | Research | Bloodlines |
| 16:28 | Create | Steppe Lancer ×5 |
| 16:28 | Create | Steppe Lancer ×5 |
| 16:29 | Create | Steppe Lancer ×5 |
| 16:29 | Create | Steppe Lancer ×5 |
| 16:29 | Create | Steppe Lancer ×5 |
| 16:29 | Create | Steppe Lancer ×5 |
| 16:30 | Create | Steppe Lancer ×5 |
| 16:30 | Create | Steppe Lancer ×5 |
| 16:30 | Create | Steppe Lancer ×5 |
| 16:31 | Create | Steppe Lancer ×5 |
| 16:31 | Create | Steppe Lancer ×5 |
| 16:31 | Create | Steppe Lancer ×5 |
| 16:32 | Create | Steppe Lancer ×5 |
| 16:32 | Create | Steppe Lancer ×5 |
| 16:32 | Create | Steppe Lancer ×5 |
| 16:32 | Create | Steppe Lancer ×5 |
| 16:33 | Create | Steppe Lancer ×5 |
| 16:33 | Create | Steppe Lancer ×4 |
| 16:40 | Research | Bodkin Arrow |
| 16:40 | Research | Leather Archer Armor |
| 16:40 | Research | Chain Barding Armor |
| 16:41 | Research | Iron Casting |
| 16:41 | Research | Chain Mail Armor |
| 16:43 | Research | Ballistics |
| 16:43 | Research | Careening |
| 16:43 | Research | Tech 908 |
| 16:54 | Build | Stable |
| 16:59 | Build | Stable |
| 17:01 | Build | Stable |
| 17:02 | Build | Stable |
| 17:04 | Build | Stable |
| 17:05 | Build | Stable |
| 17:15 | Create | Steppe Lancer ×5 |
| 17:15 | Create | Steppe Lancer ×5 |
| 17:16 | Create | Steppe Lancer ×5 |
| 17:16 | Create | Steppe Lancer ×5 |
| 17:16 | Create | Steppe Lancer ×5 |
| 17:17 | Create | Steppe Lancer ×5 |
| 17:17 | Create | Steppe Lancer |
| 17:38 | Build | Stable |
| 17:42 | Build | Stable |
| 17:44 | Build | Stable |
| 17:45 | Build | Stable |
| 17:46 | Build | Stable |
| 17:47 | Build | Stable |
| 17:49 | Build | Stable |
| 18:01 | Create | Steppe Lancer ×5 |
| 18:02 | Create | Steppe Lancer ×5 |
| 18:02 | Create | Steppe Lancer ×5 |
| 18:02 | Create | Steppe Lancer ×5 |
| 18:02 | Create | Steppe Lancer ×5 |
| 18:03 | Create | Steppe Lancer ×5 |
| 18:03 | Create | Steppe Lancer ×5 |
| 18:03 | Create | Steppe Lancer ×5 |
| 18:03 | Create | Steppe Lancer |
| 18:04 | Create | Steppe Lancer |
| 18:54 | Create | Steppe Lancer ×5 |
| 18:54 | Create | Steppe Lancer ×5 |
| 18:54 | Create | Steppe Lancer ×5 |
| 18:55 | Create | Steppe Lancer ×5 |
| 18:55 | Create | Steppe Lancer ×5 |
| 18:55 | Create | Steppe Lancer ×5 |
| 18:56 | Create | Steppe Lancer ×5 |
| 18:56 | Create | Steppe Lancer ×5 |
| 18:56 | Create | Steppe Lancer ×5 |
| 18:56 | Create | Steppe Lancer ×5 |
| 19:28 | Create | Steppe Lancer ×5 |
| 19:28 | Create | Steppe Lancer ×5 |
| 19:28 | Create | Steppe Lancer ×5 |
| 19:29 | Create | Steppe Lancer ×5 |
| 19:29 | Create | Steppe Lancer ×5 |
| 19:29 | Create | Steppe Lancer ×5 |
| 20:27 | Create | Steppe Lancer ×5 |
| 20:28 | Create | Steppe Lancer ×5 |
| 20:28 | Create | Steppe Lancer ×5 |
| 20:28 | Create | Steppe Lancer ×5 |
| 20:29 | Create | Steppe Lancer ×5 |
| 20:29 | Create | Steppe Lancer ×5 |
| 20:29 | Create | Steppe Lancer ×5 |
| 20:30 | Create | Steppe Lancer ×5 |
| 20:30 | Create | Steppe Lancer ×5 |
| 20:30 | Create | Steppe Lancer ×5 |
| 20:31 | Create | Steppe Lancer ×5 |
| 20:31 | Create | Steppe Lancer ×5 |
| 20:31 | Create | Steppe Lancer ×5 |
| 21:23 | Create | Steppe Lancer ×5 |
| 21:23 | Create | Steppe Lancer ×5 |
| 21:24 | Create | Steppe Lancer ×5 |
| 21:24 | Create | Steppe Lancer ×5 |
| 21:24 | Create | Steppe Lancer ×5 |
| 21:25 | Create | Steppe Lancer ×5 |
| 21:25 | Create | Steppe Lancer ×5 |
| 22:41 | Build | Stable |
| 22:43 | Build | Stable |
| 22:44 | Build | Stable |
| 23:00 | Build | Stable |
| 24:05 | Create | Steppe Lancer ×5 |
| 24:05 | Create | Steppe Lancer ×5 |
| 24:06 | Create | Steppe Lancer ×5 |
| 24:06 | Create | Steppe Lancer ×5 |
| 24:06 | Create | Steppe Lancer ×5 |
| 24:07 | Create | Steppe Lancer ×5 |
| 24:07 | Create | Steppe Lancer ×5 |
| 24:07 | Create | Steppe Lancer ×5 |
| 24:08 | Create | Steppe Lancer ×5 |
| 24:08 | Create | Steppe Lancer ×5 |
| 24:08 | Create | Steppe Lancer ×5 |
| 24:53 | Build | Stable |
| 24:55 | Build | Stable |
| 25:02 | Build | Stable |
| 25:21 | Create | Camel Scout ×5 |
| 25:22 | Create | Steppe Lancer ×5 |
| 25:22 | Create | Steppe Lancer ×5 |
| 25:23 | Create | Steppe Lancer ×5 |
| 25:23 | Create | Steppe Lancer ×5 |
| 25:23 | Create | Steppe Lancer ×5 |
| 25:24 | Create | Steppe Lancer ×5 |
| 25:24 | Create | Steppe Lancer ×5 |
| 25:24 | Create | Steppe Lancer ×5 |
| 25:25 | Create | Steppe Lancer ×5 |
| 25:25 | Create | Steppe Lancer ×5 |
| 25:25 | Create | Steppe Lancer ×5 |
| 25:26 | Create | Steppe Lancer ×5 |
| 25:26 | Create | Steppe Lancer ×5 |
| 25:26 | Create | Steppe Lancer ×5 |
| 25:27 | Create | Steppe Lancer ×5 |
| 25:27 | Create | Steppe Lancer ×5 |
| 25:28 | Create | Steppe Lancer ×5 |
| 25:42 | Create | Camel Scout ×5 |
| 25:44 | Create | Steppe Lancer ×5 |
| 25:44 | Create | Steppe Lancer ×5 |
| 25:44 | Create | Steppe Lancer ×5 |
| 25:45 | Create | Steppe Lancer ×5 |
| 25:45 | Create | Steppe Lancer ×5 |
| 25:45 | Create | Steppe Lancer ×5 |
| 25:46 | Create | Steppe Lancer ×5 |
| 25:46 | Create | Steppe Lancer ×5 |
| 25:58 | Create | Steppe Lancer ×5 |
| 25:59 | Create | Steppe Lancer ×5 |
| 25:59 | Create | Steppe Lancer ×5 |
| 25:59 | Create | Steppe Lancer ×5 |
Match timeline
| 8:12 | Call_Me_Pro:) · first_building Barracks |
| 8:34 | Rush · first_building Barracks |
| 8:37 | Rush · first_building Archery Range |
| 8:41 | Call_Me_Pro:) · first_building Archery Range |
| 11:39 | Rush · wall_segment Stone Wall x11 |
| 11:51 | reznor_5 · first_building Stable |
| 11:51 | DeMeNtE_ · wall_segment Stone Wall x15 |
| 12:04 | DeMeNtE_ · first_building Archery Range |
| 12:50 | MaxOne · first_building Stable |
| 13:49 | Rush · first_building Stable |
| 14:34 | Juanchi · first_building Stable |
| 14:45 | Juanchi · first_building Archery Range |
| 16:38 | MaxOne · wall_segment Stone Wall x8 |
| 18:42 | MaxOne · wall_segment Stone Wall x17 |
| 19:44 | MaxOne · wall_segment Stone Wall x4 |
| 19:55 | DeMeNtE_ · first_building Stable |
| 28:18 | DeMeNtE_ · wall_segment Palisade Wall x1 |
| 28:32 | DeMeNtE_ · wall_segment Palisade Wall x1 |
| 29:50 | MaxOne · first_building Archery Range |
| 32:48 | xxiinon · resign |
[ AI ANALYSIS · 1 CREDIT ]
What really happened in this match?
Wolo.gg analyzes every decision: build order, eco, micro, common mistakes by bracket. Personalized analysis on WhatsApp or Discord in 30 seconds.
Civ guide
Dravidians
Perfil
Jugador #11536200